 Dungeon Crawl Stone Soup version 0.22.1-1-ga44c0e56f4 (webtiles) character file.

81930 KleinerIrrer the Brawler (level 15, -6/102 HPs)
             Began as an Octopode Fighter on Oct 18, 2018.
             Was a High Priest of Cheibriados.
             Mangled by Rupert
             ... wielding a +0 great mace of protection
              (10 damage)
             ... on level 14 of the Dungeon.
             The game lasted 01:19:11 (30042 turns).

KleinerIrrer the Brawler (Octopode Fighter)        Turns: 30042, Time: 01:19:11

Health: -6/102     AC:  4    Str: 39    XL:     15   Next: 72%
Magic:  30/30      EV:  2    Int: 24    God:    Cheibriados [*****.]
Gold:   642        SH:  0    Dex: 35    Spells: 11/20 levels left

rFire    . . .     SeeInvis +     - Unarmed
rCold    . . .     Gourm    .   z - +2 buckler
rNeg     + + +     Faith    .   (helmet restricted)
rPois    ∞         Spirit   .   (no amulet)
rElec    .         Reflect  .   j - +6 ring of strength
rCorr    .         Harm     .   b - ring of see invisible
MR       +....                  F - ring of flight
Stlth    +++++.....             x - ring of stealth
HPRegen  0.00/turn              H - ring "Jegec" {rPois AC+3}
MPRegen  0.22/turn              D - +5 ring of dexterity
                                N - +3 ring of dexterity
                                V - ring of magical power

@: petrified, very slow
A: almost no armour, stealthy swim, amphibious, 8 rings, constrict 8, camouflage
1, inhibited regeneration, strong 2, gelatinous body 1
a: Bend Time, Temporal Distortion, Slouch, Step From Time, Renounce Religion,
Evoke Flight


You were on level 14 of the Dungeon.
You worshipped Cheibriados.
Cheibriados was extremely pleased with you.
You were not hungry.

You visited 5 branches of the dungeon, and saw 24 of its levels.
You also visited: Labyrinth.

You collected 2062 gold pieces.
You spent 1420 gold pieces at shops.

Inventory:

Hand Weapons
 e - the +5 falchion of the Pyrrhic Victory {protect, Str+3}
   (You found it on level 9 of the Dungeon)

   It protects the one who uses it against injury (+AC on strike).
   It affects your strength (+3).
 o - a +5 demon trident of venom
Missiles
 l - 94 bolts
Armour
 a - a +1 shield
 z - a +2 buckler (worn)
Magical Staves
 J - an uncursed staff of fire {unknown}
Jewellery
 b - a ring of see invisible (right tentacle)
 j - a +6 ring of strength (left tentacle)
 m - an uncursed ring of ice
 x - a ring of stealth (on tentacle)
 D - a +5 ring of dexterity (on tentacle)
 F - a ring of flight (on tentacle)
 H - the ring "Jegec" (on tentacle) {rPois AC+3}
   (You found it in a labyrinth)

   [ring of protection]

   It affects your AC (+3).
   It protects you from poison.
 N - a +3 ring of dexterity (on tentacle)
 V - a ring of magical power (on tentacle)
Wands
 p - a wand of acid (11)
 s - a wand of paralysis (19)
 u - a wand of digging (36)
 A - a wand of enslavement (21)
 E - a wand of disintegration (26)
 K - a wand of scattershot (3)
 O - a wand of flame (13)
 X - a wand of iceblast (10)
Scrolls
 h - 11 scrolls of amnesia
 n - 5 scrolls of teleportation
 q - 2 scrolls of enchant armour
 r - 3 scrolls of fog
 y - 3 scrolls of remove curse
 G - 2 scrolls of immolation
 I - a scroll of holy word {unknown}
 M - a scroll of acquirement {unknown}
 P - a scroll of enchant weapon {unknown}
 R - a scroll of summoning {unknown}
 T - 2 scrolls of identify
 U - a scroll of brand weapon {unknown}
 Y - a scroll of vulnerability {unknown}
Potions
 d - 2 potions of curing
 f - a potion of resistance {unknown}
 g - 2 potions of heal wounds
 i - 3 potions of agility
 k - 4 potions of lignification
 t - 3 potions of cancellation
 v - 3 potions of brilliance
 w - 4 potions of invisibility
 B - a potion of ambrosia {unknown}
 C - 10 potions of degeneration
 L - a potion of magic {unknown}
 Q - 2 potions of might
 W - a potion of mutation
Comestibles
 c - 27 rations


   Skills:
 * Level 9.4 Fighting
 * Level 11.4 Dodging
 - Level 0.7 Stealth
 - Level 5.3 Shields
 + Level 18.0 Unarmed Combat
 - Level 3.0 Spellcasting
 - Level 5.0 Charms
 - Level 5.0 Necromancy
 - Level 4.0 Translocations
 - Level 8.4 Invocations
 * Level 7.2 Evocations


You had 11 spell levels left.
You knew the following spells:

 Your Spells              Type           Power        Failure   Level  Hunger
a - Blink                 Tloc           N/A          3%          2    ##.....
b - Regeneration          Chrm/Necr      ####......   4%          3    ###....
c - Passage of Golubria   Tloc           N/A          21%         4    ####...

Your spell library contained the following spells:

 Spells                   Type           Power        Failure   Level  Hunger
 Infusion                 Chrm           ####         1%          1    None
 Corpse Rot               Necr           N/A          1%          2    ##.....
 Song of Slaying          Chrm           ####....     1%          2    ##.....
 Shroud of Golubria       Chrm/Tloc      ####......   2%          2    ##.....
 Vampiric Draining        Necr           ####......   4%          3    ###....
 Swiftness                Chrm/Air       ###.....     6%          2    ##.....
 Gell's Gravitas          Tloc           ###.......   6%          3    ###....
 Lesser Beckoning         Tloc           ###.......   6%          3    ###....
 Teleport Other           Tloc           ###.....     6%          3    ###....
 Shock                    Conj/Air       #...         11%         1    None
 Spectral Weapon          Hex/Chrm       ###.....     12%         3    ###....
 Poisonous Vapours        Pois/Air       #.....       16%         2    ##.....
 Static Discharge         Conj/Air       #.......     32%         3    ###....
 Agony                    Necr           ####....     36%         5    ######.
 Airstrike                Air            #.........   71%         4    ####...
 Death Channel            Necr           ####......   91%         6    #######
 Lightning Bolt           Conj/Air       #.........   96%         5    ######.
 Venom Bolt               Conj/Pois      #.........   96%         5    ######.
 Deflect Missiles         Chrm/Air       ###.......   99%         6    #######
 Ring of Flames           Chrm/Fire      ###.......   100%        7    #######


Dungeon Overview and Level Annotations

Branches:
Dungeon (14/15)            Temple (1/1) D:7            Lair (6/6) D:8
  Swamp (1/4) Lair:3        Snake (0/4) Lair:3        Slime (0/5) Lair:5
    Orc (2/2) D:10            Elf (0/3) Orc:2        Vaults (0/5) D:13

Altars:
Ashenzari
Cheibriados
Dithmenos
Elyvilon
Fedhas
Gozag
Hepliaklqana
Kikubaaqudgha
Makhleb
Nemelex Xobeh
Okawaru
Qazlal
Ru
Sif Muna
Trog
Uskayaw
Vehumet
Wu Jian
Xom
Yredelemnul
Zin
The Shining One
Jiyva

Shops:
D:4 =   D:5 [   D:11 %   Orc:2 }}(%*

Annotations:
D:8 3 runed doors, brob4's ghost, novice MiFi
D:11 3 runed doors, NochnoyZador's ghost, journeyman TrMo
D:12 2 transporters, Mjsee792's ghost, journeyman MiBe
D:14 Rupert
Lair:4 1 runed door, greenfork's ghost, journeyman SpVM
Orc:2 3 runed doors, greenfork's ghost, journeyman MiBe


Innate Abilities, Weirdness & Mutations

You cannot wear most types of armour.
You are very stealthy in the water. (Stealth+)
You are amphibious.
You can wear up to eight rings at the same time.
You can use your tentacles to constrict eight enemies at once.
Your skin changes colour to match your surroundings (Stealth+).
Your rubbery body absorbs attacks. (AC +1, EV +1)
You do not regenerate when monsters are visible.
Your muscles are very strong. (Str +4)


Message History

Rupert goes berserk!
Rupert hits you with a great mace of protection.
You have turned to stone.
The basilisk bites you.
Rupert hits you with a great mace of protection!!
The basilisk bites you! Rupert hits you but does no damage.
The basilisk bites you!
Rupert hits you with a great mace of protection!!!
Rupert hits you with a great mace of protection!!
The basilisk bites you!
Rupert hits you with a great mace of protection!!
* * * LOW HITPOINT WARNING * * *
The basilisk bites you!
* * * LOW HITPOINT WARNING * * *
Rupert hits you with a great mace of protection!!
* * * LOW HITPOINT WARNING * * *
The basilisk gazes at you.
You easily resist.
Rupert hits you with a great mace of protection!!
You die...

..######......#
#.............#
#.............#
+.............#
#..............
......$........
......@l.......
.......@..^....
#############..


You could see Rupert (berserk) and a basilisk.

Vanquished Creatures
  A stone giant (Orc:1)
  Nessos (D:13)
  A minotaur (Lab)
  Josephine (Orc:1)
  A fire dragon (Lair:6)
  3 hydras
  A centaur warrior (D:10)
  5 alligators (Swamp:1)
  2 two-headed ogres
  3 orc high priests (Orc:2)
  3 death yaks
  Urug (Orc:1)
  Nergalle (D:11)
  A skeletal warrior (D:13)
  3 unseen horrors
  2 wizards (D:12)
  5 orc knights
  A swamp dragon (Lair:6)
  A manticore (D:13)
  9 ugly things
  5 orc sorcerers (Orc:2)
  2 deep elf magi (D:12)
  2 cyclopes (D:11)
  16 elephants
  7 spiny frogs
  A black mamba (Lair:5)
  6 rime drakes
  5 komodo dragons
  A kobold demonologist (D:13)
  4 yaktaurs (D:13)
  2 tengu conjurers (D:13)
  3 trolls
  3 tyrant leeches (Swamp:1)
  12 polar bears
  2 bog bodies (Swamp:1)
  A dream sheep (Lair:6)
  3 blink frogs (Lair:4)
  A raiju (Lair:6)
  11 hippogriffs
  12 slime creatures
  A meliai zombie (D:11)
  9 wyverns
  43 yaks
  A fire elemental (D:12)
  4 basilisks
  6 wraiths
  4 steam dragons
  Grum (D:11)
  5 wargs
  12 vampire mosquitoes (Swamp:1)
  2 nagas (Lair:3)
  3 acid dragons (Lair:6)
  8 swamp worms (Swamp:1)
  3 water moccasins
  10 porcupines
  16 hell hounds (Lair:6)
  An ice beast (D:12)
  Duvessa (D:4)
  3 swamp drakes
  4 sky beasts
  2 phantoms
  13 orc warriors
  14 black bears
  6 ogres
  A necrophage (D:6)
  29 wolves
  4 centaurs
  20 crocodiles
  A big kobold (D:8)
  15 bullfrogs
  2 wyvern skeletons
  A wyvern zombie (D:11)
  Dowan (D:4)
  5 scorpions
  6 killer bees (D:11)
  3 howler monkeys
  17 wights
  A bullfrog zombie (D:9)
  10 crimson imps
  4 jellies
  3 bullfrog skeletons
  3 centaur zombies
  7 hounds
  15 orc priests
  5 centaur skeletons
  10 iguanas
  23 orc wizards
  6 worker ants
  2 hound skeletons
  A worker ant zombie (D:9)
  3 gnolls (D:7)
  10 adders
  3 shadow imps
  2 oozes
  An adder skeleton (D:9)
  5 worms
  2 dart slugs (D:1)
  16 leopard geckos
  47 orcs
  3 giant cockroaches
  8 goblins
  11 hobgoblins
  8 jackals (D:3)
  18 kobolds
  2 quokkas
  A ball python (D:1)
  10 bats
  10 frilled lizards
  9 rats
681 creatures vanquished.

Vanquished Creatures (others)
  An orc wizard (D:7)
  13 fungi
  14 plants
28 creatures vanquished.

Grand Total: 709 creatures vanquished

Notes
Turn   | Place    | Note
-------+----------+-------------------------------------------
     0 | D:1      | KleinerIrrer the Octopode Fighter began the quest for the
                  | Orb.
     0 | D:1      | Reached XP level 1. HP: 16/16 MP: 1/1
   460 | D:1      | Reached XP level 2. HP: 18/21 MP: 2/2
   791 | D:1      | Reached XP level 3. HP: 17/26 MP: 3/3
  1651 | D:2      | Reached XP level 4. HP: 28/31 MP: 4/4
  1763 | D:2      | Reached skill level 3 in Unarmed Combat
  2888 | D:3      | Reached XP level 5. HP: 36/36 MP: 5/5
  3009 | D:3      | Noticed an ogre
  3016 | D:3      | Killed an ogre
  3016 | D:3      | Reached skill level 4 in Unarmed Combat
  3454 | D:3      | Reached XP level 6. HP: 42/42 MP: 6/6
  3767 | D:4      | Noticed Dowan
  3770 | D:4      | Noticed Duvessa
  3778 | D:4      | Killed Dowan
  3785 | D:4      | Killed Duvessa
  4246 | D:4      | Found Qurafius's Jewellery Emporium.
  4268 | D:4      | Bought an uncursed ring of see invisible for 210 gold
                  | pieces
  4654 | D:5      | Entered Level 5 of the Dungeon
  4672 | D:5      | Found an ancient bone altar of Kikubaaqudgha.
  4716 | D:5      | Reached skill level 5 in Unarmed Combat
  4716 | D:5      | Reached XP level 7. HP: 24/47 MP: 7/7
  4996 | D:5      | Found Ahus's Antique Armour Shoppe.
  5287 | D:5      | Reached skill level 1 in Evocations
  5490 | D:6      | Found a glowing silver altar of Zin.
  6192 | D:6      | Reached skill level 6 in Unarmed Combat
  6316 | D:6      | Reached skill level 5 in Dodging
  6316 | D:6      | Reached XP level 8. HP: 49/53 MP: 9/9
  6977 | D:7      | Reached skill level 7 in Unarmed Combat
  6988 | D:7      | Reached skill level 5 in Shields
  7492 | D:7      | Reached XP level 9. HP: 58/58 MP: 11/11
  7852 | D:7      | Found a staircase to the Ecumenical Temple.
  8000 | Temple   | Entered the Ecumenical Temple
  8133 | Temple   | Became a worshipper of Cheibriados the Contemplative
  8230 | D:8      | Reached skill level 8 in Unarmed Combat
  8611 | D:8      | Reached * piety under Cheibriados
  8904 | D:8      | Found a runed gate.
  8904 | D:8      | Found a runed gate.
  8904 | D:8      | Found a runed gate.
  8905 | D:8      | Noticed brob4's ghost (novice MiFi)
  8913 | D:8      | Found a viscous altar of Jiyva.
  8938 | D:8      | Noticed a komodo dragon
  8947 | D:8      | Killed a komodo dragon
  8947 | D:8      | Reached skill level 9 in Unarmed Combat
  8947 | D:8      | Reached skill level 5 in Evocations
  9042 | D:8      | Found a staircase to the Lair.
  9044 | D:8      | HP: 1/59 [steam dragon (11)]
  9480 | D:8      | Reached XP level 10. HP: 59/65 MP: 14/14
  9484 | D:8      | Reached skill level 10 in Unarmed Combat
  9936 | D:9      | Reached skill level 5 in Fighting
 10177 | D:9      | Reached ** piety under Cheibriados
 10250 | D:9      | Reached skill level 11 in Unarmed Combat
 10787 | D:9      | Got a faintly glowing falchion
 10788 | D:9      | Identified the +5 falchion of the Pyrrhic Victory {protect,
                  | Str+3} (You found it on level 9 of the Dungeon)
 10819 | D:10     | Entered Level 10 of the Dungeon
 10839 | D:10     | Noticed a centaur warrior
 10840 | D:10     | Reached skill level 1 in Invocations
 10845 | D:10     | Killed a centaur warrior
 11408 | D:10     | Noticed a two-headed ogre
 11413 | D:10     | Killed a two-headed ogre
 11429 | D:10     | Reached skill level 12 in Unarmed Combat
 11429 | D:10     | Reached XP level 11. HP: 56/72 MP: 15/15
 11603 | D:10     | Reached *** piety under Cheibriados
 12017 | D:10     | Found a staircase to the Orcish Mines.
 12381 | D:11     | Noticed a cyclops
 12649 | D:11     | Noticed an unseen horror
 12657 | D:11     | Killed an unseen horror
 12719 | D:11     | Found a runed gate.
 12719 | D:11     | Found a runed gate.
 12719 | D:11     | Found a runed gate.
 12725 | D:11     | Reached **** piety under Cheibriados
 12759 | D:11     | Noticed a minotaur
 12760 | D:11     | Noticed NochnoyZador's ghost (journeyman TrMo)
 12814 | D:11     | Noticed a brown ugly thing
 12820 | D:11     | Killed a brown ugly thing
 12829 | D:11     | Noticed an unseen horror
 12838 | D:11     | Killed an unseen horror
 12841 | D:11     | Noticed Nergalle
 12856 | D:11     | Killed Nergalle
 12856 | D:11     | Reached skill level 13 in Unarmed Combat
 13127 | D:11     | Noticed Grum
 13139 | D:11     | Killed Grum
 13421 | D:11     | Killed a cyclops
 13497 | D:11     | Noticed a cyclops
 13509 | D:11     | Reached skill level 5 in Invocations
 13515 | D:11     | Killed a cyclops
 13651 | D:11     | Found Vanlafeith's Food Boutique.
 13659 | D:11     | Reached ***** piety under Cheibriados
 14031 | Lair:1   | Entered Level 1 of the Lair of Beasts
 14059 | Lair:1   | Reached XP level 12. HP: 60/78 MP: 16/16
 14159 | Lair:1   | Found a labyrinth entrance.
 14166 | Lab      | Entered a labyrinth
 14606 | Lab      | Noticed a minotaur
 14614 | Lab      | Killed a minotaur
 14614 | Lab      | Reached skill level 14 in Unarmed Combat
 14794 | Lab      | Got a translucent turquoise ring
 14890 | Lair:1   | Identified the ring "Jegec" {rPois AC+3} (You found it in a
                  | labyrinth)
 16218 | Lair:2   | Learned a level 2 spell: Blink
 16779 | Lair:3   | Found a staircase to the Swamp.
 17027 | Lair:3   | Reached skill level 1 in Translocations
 17159 | Lair:3   | Noticed an eight-headed hydra
 17170 | Lair:3   | Found a staircase to the Snake Pit.
 17177 | Lair:3   | Reached skill level 1 in Spellcasting
 18019 | Lair:4   | Noticed a death yak
 18019 | Lair:4   | Noticed a death yak
 18019 | Lair:4   | Noticed a death yak
 18027 | Lair:3   | Killed a death yak
 18034 | Lair:4   | Killed a death yak
 18038 | Lair:4   | Killed a death yak
 18737 | Lair:4   | Reached skill level 15 in Unarmed Combat
 18800 | Lair:4   | Reached XP level 13. HP: 64/85 MP: 18/18
 18925 | Lair:4   | Reached ****** piety under Cheibriados
 19351 | Lair:4   | Found a runed door.
 19352 | Lair:4   | Noticed greenfork's ghost (journeyman SpVM)
 19944 | D:4      | Bought a +5 ring of dexterity for 576 gold pieces
 20160 | Lair:5   | Found a staircase to the Slime Pits.
 21110 | Lair:6   | Entered Level 6 of the Lair of Beasts
 21329 | Lair:6   | Reached skill level 16 in Unarmed Combat
 22262 | Lair:6   | Learned a level 3 spell: Regeneration
 22285 | Lair:6   | Noticed a fire dragon
 22290 | Lair:6   | Killed a fire dragon
 22290 | Lair:6   | Reached skill level 10 in Dodging
 22290 | Lair:6   | Reached XP level 14. HP: 81/94 MP: 20/20
 22487 | Lair:6   | Reached skill level 1 in Charms
 22487 | Lair:6   | Reached skill level 1 in Necromancy
 23290 | Swamp:1  | Entered Level 1 of the Swamp
 23303 | Swamp:1  | HP: 2/95 [tyrant leech (27)]
 23794 | Swamp:1  | Reached skill level 17 in Unarmed Combat
 25620 | Orc:1    | Entered Level 1 of the Orcish Mines
 25620 | Orc:1    | Noticed a stone giant
 25627 | Orc:1    | Killed a stone giant
 25769 | Orc:1    | Learned a level 4 spell: Passage of Golubria
 25831 | Orc:1    | Noticed Urug
 25843 | Orc:1    | Killed Urug
 25843 | Orc:1    | Reached XP level 15. HP: 100/100 MP: 21/21
 25953 | Orc:1    | Noticed Josephine
 25964 | Orc:1    | Killed Josephine
 26205 | Orc:2    | Entered Level 2 of the Orcish Mines
 26213 | Orc:2    | Found Otiat's Gadget Boutique.
 26650 | Orc:2    | Found a staircase to the Elven Halls.
 26804 | Orc:2    | Found a runed gate.
 26804 | Orc:2    | Found a runed gate.
 26811 | Orc:2    | Found a runed gate.
 26814 | Orc:2    | Noticed greenfork's ghost (journeyman MiBe)
 27110 | Orc:2    | Found Kehubitz's Gadget Shoppe.
 27398 | Orc:2    | Found Vearghips's Antique Weapon Boutique.
 27531 | Orc:2    | Found Qaenoun's Food Boutique.
 27533 | Orc:2    | Found Ixtaubra's General Store.
 27562 | Orc:2    | Bought 2 potions of mutation for 192 gold pieces
 27562 | Orc:2    | Gained mutation: You are partially covered in slimy green
                  | scales. (AC +2) [potion of mutation]
 27562 | Orc:2    | Gained mutation: You expend magic power (3 MP) to
                  | strengthen your wands. [potion of mutation]
 27563 | Orc:2    | Lost mutation: You expend magic power (3 MP) to strengthen
                  | your wands. [potion of mutation]
 27563 | Orc:2    | Lost mutation: You are partially covered in slimy green
                  | scales. (AC +2) [potion of mutation]
 27563 | Orc:2    | Gained mutation: Your mind is acute. (Int +2) [potion of
                  | mutation]
 27563 | Orc:2    | Gained mutation: One of your tentacles bears a spike.
                  | [potion of mutation]
 27563 | Orc:2    | Gained mutation: You occasionally shout uncontrollably at
                  | your foes. [potion of mutation]
 27563 | Orc:2    | Gained mutation: Your muscles are strong. (Str +2) [potion
                  | of mutation]
 27564 | Orc:2    | Lost mutation: You occasionally shout uncontrollably at
                  | your foes. [potion of mutation]
 27564 | Orc:2    | Lost mutation: Your mind is acute. (Int +2) [potion of
                  | mutation]
 27564 | Orc:2    | Lost mutation: One of your tentacles bears a spike. [potion
                  | of mutation]
 27564 | Orc:2    | Gained mutation: You do not regenerate when monsters are
                  | visible. [potion of mutation]
 27564 | Orc:2    | Gained mutation: Your muscles are very strong. (Str +4)
                  | [potion of mutation]
 27577 | Orc:2    | Bought a wand of acid (9) for 442 gold pieces
 27738 | D:12     | Found a transporter.
 27739 | D:12     | Noticed Mjsee792's ghost (journeyman MiBe)
 27754 | D:12     | Found a transporter.
 28487 | D:12     | Identified the Volume of Noxious Augmentations
 28489 | D:12     | Identified Rabonwe's Tome of Helpful Evil
 28659 | D:13     | Found a gate to the Vaults.
 29356 | D:13     | Noticed Nessos
 29401 | D:13     | Killed Nessos
 29450 | D:13     | Reached skill level 18 in Unarmed Combat
 29683 | D:13     | Reached skill level 5 in Charms
 29751 | D:13     | Reached skill level 5 in Necromancy
 30020 | D:14     | Noticed Rupert
 30042 | D:14     | HP: 4/102 [Rupert/great mace of protection (15)]
 30042 | D:14     | Mangled by Rupert

Skill      XL: |  1  2  3  4  5  6  7  8  9 10 11 12 13 14 15 |
---------------+----------------------------------------------+-----
Unarmed Combat | 3 4 5 6 7 9 12 13 15 16 17 18 | 18.0
Dodging        | 4 5 6 7 8 10 11 | 11.4
Shields        | 4 5 |  5.3
Evocations     | 2 3 5 6 7 |  7.2
Fighting       | 4 5 6 8 9 |  9.4
Invocations    | 2 5 7 8 |  8.4
Translocations | 2 3 4 |  4.0
Spellcasting   | 2 3 |  3.0
Charms         | 3 5 |  5.0
Necromancy     | 3 5 |  5.0
Stealth        | |  0.7

Action                   |  1- 3 |  4- 6 |  7- 9 | 10-12 | 13-15 || total
-------------------------+-------+-------+-------+-------+-------++-------
Melee: Unarmed           |    81 |   124 |   197 |   398 |   672 ||  1472
       Constrict         |    18 |    29 |    43 |    75 |   106 ||   271
       Tentacles         |    16 |    17 |    67 |   146 |   265 ||   511
       Punch             |     3 |     4 |    20 |    66 |   190 ||   283
 Cast: Blink             |       |       |       |       |     3 ||     3
Invok: Slouch            |       |       |       |       |    23 ||    23
 Abil: Stop Flying       |       |       |       |       |     1 ||     1
       Evoke Flight      |       |       |       |       |     1 ||     1
Evoke: Wand              |       |       |       |     8 |    24 ||    32
  Use: Scroll            |       |     9 |     6 |     6 |     5 ||    26
       Potion            |       |     1 |     1 |     2 |     4 ||     8
 Stab: Sleeping          |     9 |     8 |     9 |    11 |    13 ||    50
       Distracted        |       |     1 |       |     1 |     3 ||     5
       Paralysed         |       |       |       |     7 |     3 ||    10
  Eat: Chunk             |     1 |     7 |     9 |     7 |    16 ||    40
       Ration            |       |     1 |     1 |     3 |     1 ||     6
Armor: Skin              |     3 |    10 |     6 |     8 |    29 ||    56
Dodge: Dodged            |    32 |    57 |    79 |   209 |   405 ||   782
Block: Shield            |    26 |    48 |    47 |       |       ||   121
       Buckler           |       |       |    29 |   132 |   246 ||   407
